 Dungeon Crawl Stone Soup version 0.27.1-1-g398f81649c (webtiles) character file.

Game seed: 18018258983241063707

954 101zpm the Covered (level 8, 0/48 HPs)
             Began as a Gargoyle Fighter on Sept 19, 2021.
             Was an Initiate of Makhleb.
             Slain by a gnoll sergeant (2 damage)
             ... on level 5 of the Dungeon.
             The game lasted 00:09:35 (7438 turns).

101zpm the Covered (Gargoyle Fighter)               Turns: 7438, Time: 00:09:35

Health: 0/48       AC: 13    Str: 23    XL:     8   Next: 14%
Magic:  8/8        EV:  8    Int:  8    God:    Makhleb [......]
Gold:   279        SH: 10    Dex:  9    Spells: 7/7 levels left

rFire    . . .     SeeInvis .   A - +1 spear (vamp)
rCold    . . .     Faith    .   c - +0 kite shield
rNeg     + . .     Spirit   .   b - +0 scale mail
rPois    ∞         Reflect  .   (no helmet)
rElec    +         Harm     .   (no cloak)
rCorr    .         Rampage  .   (no gloves)
Will     .....                  (no boots)
Stlth    ..........             (no amulet)
HPRegen  0.16/turn              (no ring)
MPRegen  0.11/turn              (no ring)

@: no status effects
A: sickness immunity, AC +5, negative energy resistance 1, electricity
resistance, torment resistance 1, petrification resistance
a: Renounce Religion


You were on level 5 of the Dungeon.
You worshipped Makhleb.
Makhleb was noncommittal.
You visited 2 branches of the dungeon, and saw 7 of its levels.

You collected 303 gold pieces.
You spent 24 gold pieces at shops.

Inventory:

Hand Weapons
 a - a +0 flail
 j - a +1 whip of electrocution
 o - a +1 mace of holy wrath
 A - a +1 vampiric spear (weapon)
Missiles
 k - 146 stones (quivered)
 s - 22 poisoned darts
 t - 32 sling bullets
 u - 34 arrows
 B - a throwing net
Armour
 b - a +0 scale mail (worn)
 c - a +0 kite shield (worn)
Jewellery
 i - a ring of protection from fire
 y - a +4 ring of evasion
Wands
 v - a wand of iceblast (9)
Scrolls
 f - 4 scrolls of identify
 l - 2 scrolls of fog
 m - a scroll of immolation
 n - 2 scrolls of noise {unknown}
 p - 2 scrolls of enchant weapon {unknown}
 q - a scroll of teleportation {unknown}
Potions
 d - a potion of might
 e - a potion of resistance {unknown}
 g - a potion of haste
 h - 2 potions of lignification {unknown}
 r - a potion of curing {unknown}
 w - a potion of attraction {unknown}
 x - a potion of cancellation {unknown}
 z - a potion of ambrosia {unknown}


   Skills:
 + Level 4.8 Fighting
 + Level 5.1 Maces & Flails
 + Level 0.5 Polearms
 + Level 5.9 Armour
 + Level 2.4 Dodging
 + Level 1.0 Stealth
 + Level 5.3 Shields


You had 7 spell levels left.
You didn't know any spells.
Your spell library contained the following spells:

 Spells                   Type           Power      Damage    Failure   Level
 Animate Skeleton         Necr           0%         N/A       98%         1
 Apportation              Tloc           0%         N/A       98%         1
 Corona                   Hex            0%         N/A       98%         1
 Foxfire                  Conj/Fire      0%         2x1d4     98%         1
 Summon Small Mammal      Summ           0%         N/A       98%         1
 Conjure Flame            Conj/Fire      0%         6-21      100%        3
 Ignite Poison            Fire/Tmut/Pois 0%         N/A       100%        3
 Inner Flame              Hex/Fire       0%         N/A       100%        3
 Sticky Flame             Conj/Fire      0%         2d3       100%        4


Dungeon Overview and Level Annotations

Branches:
Dungeon (6/15)             Temple (1/1) D:5

Altars:
Ashenzari
Cheibriados
Dithmenos
Elyvilon
Makhleb
Nemelex Xobeh
Okawaru
Qazlal
Ru
Trog
Uskayaw
Wu Jian
Xom
Zin
The Shining One

Shops:
D:2 ?   D:3 !


Innate Abilities, Weirdness & Mutations

You are immune to sickness and miasma.
Your stone body is resilient. (AC +5)
You are immune to poison.
You resist negative energy. (rN+)
You are resistant to electric shocks. (rElec)
You are resistant to unholy torment.
You are immune to petrification.


Message History

The gnoll sergeant hits you with a +2 vorpal spear!
Your scale mail prevents you from hitting the gnoll sergeant.
The gnoll sergeant is lightly wounded.
You block the gnoll sergeant's attack.
You hit the gnoll sergeant.
You feel better.
The gnoll sergeant is moderately wounded.
The gnoll sergeant hits you but does no damage.
The gnoll sergeant hits you with a +2 vorpal spear!
You are too injured to fight recklessly!
You are too injured to fight recklessly!
You are too injured to fight recklessly!
You are too injured to fight recklessly!
You are too injured to fight recklessly!
You are too injured to fight recklessly!
You are too injured to fight recklessly!
You are too injured to fight recklessly!
You are too injured to fight recklessly!
You are too injured to fight recklessly!
You are too injured to fight recklessly!
You are too injured to fight recklessly!
You are too injured to fight recklessly!
You hit the gnoll sergeant but do no damage.
The gnoll sergeant is moderately wounded.
The gnoll sergeant hits you with a +2 vorpal spear!
* * * LOW HITPOINT WARNING * * *
x2 You hit the gnoll sergeant but do no damage.
The gnoll sergeant is moderately wounded.
You block the gnoll sergeant's attack.
You barely miss the gnoll sergeant.
The gnoll sergeant is moderately wounded.
You block the gnoll sergeant's attack.
Your shield prevents you from hitting the gnoll sergeant.
The gnoll sergeant is moderately wounded.
The gnoll sergeant hits you with a +2 vorpal spear.
* * * LOW HITPOINT WARNING * * *
x2 You block the gnoll sergeant's attack.
You hit the gnoll sergeant.
The gnoll sergeant is moderately wounded.
The gnoll sergeant hits you with a +2 vorpal spear.
You die...

<#.##.# ####.##################
[#....# #....##.....# #.....# #
..###### #.#####.###.# #.###.# #
#......# #.#.....# #.# #.# #.# #
#......# #.#.##### #.# #.###.# #
##.....####.#.# #.# #.#...# #
##..####....#.# #.###.#.### #
....####.####.#### #.....#...# #
......[..[...).g@############.# #
.........[###.##)#.[.......##.###
...#.####.# #.##.#.#######.##.#..
####.# ##'###....#............#.#
#.# #........##########.####..
#.###........# #....^##
####..##........# #####.##
..##..##........# #.##
..##..##........# #.##


You could see a gnoll sergeant.

Vanquished Creatures
  A water moccasin (D:5)
  2 ogres
  A phantom (D:5)
  A gnoll sergeant (D:5)
  2 scorpions
  A water moccasin skeleton (D:4)
  A howler monkey (D:5)
  A jelly (D:5)
  An iguana (D:5)
  3 orc wizards (D:5)
  Terence (D:3)
  A hound skeleton (D:4)
  4 gnolls (D:5)
  5 adders
  3 worms
  A dart slug (D:3)
  10 orcs
  8 endoplasms
  3 giant cockroaches
  5 goblins
  9 hobgoblins
  3 quokkas
  4 ball pythons
  7 bats
  2 frilled lizards
  11 kobolds
  6 rats
97 creatures vanquished.

Vanquished Creatures (others)
  5 fungi (D:4)
  2 plants (D:3)
7 creatures vanquished.

Grand Total: 104 creatures vanquished

Notes
Turn   | Place    | Note
-------+----------+-------------------------------------------
     0 | D:1      | 101zpm the Gargoyle Fighter began the quest for the Orb.
     0 | D:1      | Reached XP level 1. HP: 14/14 MP: 1/1
   193 | D:1      | Reached XP level 2. HP: 19/19 MP: 2/2
  1008 | D:2      | Found Fevucor's Magic Scroll Shoppe.
  1013 | D:2      | Reached XP level 3. HP: 23/23 MP: 3/3
  1169 | D:2      | Found a snail-covered altar of Cheibriados.
  1509 | D:2      | Reached XP level 4. HP: 18/29 MP: 4/4
  1801 | D:2      | Bought a scroll of identify for 24 gold pieces
  2013 | D:3      | Found a shadowy altar of Dithmenos.
  2100 | D:3      | Noticed Terence
  2106 | D:3      | Killed Terence
  2573 | D:3      | Found Zorre's Distillery.
  2575 | D:3      | Reached XP level 5. HP: 31/33 MP: 5/5
  2780 | D:3      | Found a faded altar of an unknown god.
  3172 | D:4      | Reached skill level 1 in Dodging
  3289 | D:4      | Reached XP level 6. HP: 30/38 MP: 6/6
  3576 | D:4      | Found a shimmering altar of Xom.
  3651 | D:5      | Entered Level 5 of the Dungeon
  3687 | D:5      | Found a broken altar of Ashenzari.
  4104 | D:5      | Reached skill level 5 in Armour
  4381 | D:5      | Reached XP level 7. HP: 43/43 MP: 7/7
  4455 | D:5      | Reached skill level 5 in Shields
  5019 | D:5      | Found a staircase to the Ecumenical Temple.
  5155 | D:5      | Reached skill level 1 in Stealth
  5893 | Temple   | Entered the Ecumenical Temple
  5906 | Temple   | Became a worshipper of Makhleb the Destroyer
  6725 | D:5      | Reached skill level 5 in Maces & Flails
  6725 | D:5      | Reached XP level 8. HP: 23/48 MP: 8/8
  7437 | D:5      | HP: 2/48 [gnoll sergeant (1)]
  7438 | D:5      | Slain by a gnoll sergeant

Illustrated notes

Levels and vault maps discovered:
D:1:      wander_arrival_abandoned_jail, layout_basic
D:2:      layout_basic, basic_altar, serial_shops, shop
D:3:      layout_loops_corners, nicolae_overflow_hidden_temple,
          dreamdust_ecumenical_altar_hidden_monk_grotto, serial_shops, shop,
          uniq_terence
D:4:      layout_cave_pools, mainiacjoe_overflow_chevrons
D:5:      layout_basic, mainiacjoe_overflow_24_doors, minmay_temple_entry_mist
D:6:      layout_cave_pools, uniq_sigmund, uniq_pikel
Temple:   nicolae_temple_no_exploring_needed

Skill      XL: |  1  2  3  4  5  6  7 |
---------------+----------------------+-----
Maces & Flails | 3 4 5 |  5.1
Armour         | 4 5 |  5.9
Shields        | 4 5 |  5.3
Dodging        | 1 2 |  2.4
Fighting       | 4 |  4.8
Stealth        | 1 |  1.0
Polearms       | |  0.5

Action                   |  1- 3 |  4- 6 |  7- 9 || total
-------------------------+-------+-------+-------++-------
Melee: Flail             |    44 |       |       ||    44
       Whip              |    47 |    55 |       ||   102
       Mace              |       |   146 |    93 ||   239
       Spear             |       |       |    33 ||    33
  Use: Scroll            |       |     2 |       ||     2
Armor: Scale mail        |    43 |   126 |    56 ||   225
Dodge: Dodged            |    24 |    48 |    48 ||   120
Block: Kite shield       |    41 |    84 |    82 ||   207
